 Dungeon Crawl Stone Soup version 0.29.0-11-gd7f09526c8 (webtiles) character file.

Game seed: 16697403924886749669

2474 themarg the Skirmisher (level 9, -2/55 (68) HPs)
             Began as a Gnoll Wanderer on Sept 3, 2022.
             Succumbed to a gnoll's poison
             ... on level 7 of the Dungeon.
             The game lasted 00:38:18 (7868 turns).

themarg the Skirmisher (Gnoll Wanderer)             Turns: 7868, Time: 00:38:19

HP:   -2/55 (68)    AC: 19    Str: 13 (15) XL:     9   Next: 51%
MP:   25/26         EV:  6    Int: 12 (14) God:
Gold: 406           SH:  0    Dex:  7 (10) Spells: 17/18 levels left

rFire   . . .      SeeInvis .   a - +2 sling
rCold   + . .      Faith    .   (no shield)
rNeg    . . .      Spirit   .   u - +1 chain mail of the Sky {rC+}
rPois   .          Reflect  .   r - +2 helmet
rElec   .          Harm     .   (no cloak)
rCorr   .          Rampage  .   (no gloves)
Will    .....                   E - +0 pair of boots
Stlth   ..........              (no amulet)
HPRegen 0.18/turn               m - ring of magical power
MPRegen 0.20/turn               n - +4 ring of protection

@: lethally poisoned (-2 -> -14), heavily drained
A: fangs 1, strong nose, distributed training
a: no special abilities


You were on level 7 of the Dungeon.
You visited 1 branch of the dungeon, and saw 7 of its levels.
You also visited: Sewer.

You collected 406 gold pieces.

Inventory:

Hand Weapons
 a - a +2 sling (weapon)
 b - a +2 dagger of draining
 d - a +3 flail of holy wrath
 e - a +2 halberd of freezing
Missiles
 g - 11 poisoned darts
 j - a throwing net
Armour
 r - a +2 helmet (worn)
 u - the +1 chain mail of the Sky (worn) {rC+}
   (You found it on level 4 of the Dungeon)

   rC:        It protects you from cold.
 w - a +0 scale mail
 E - a +0 pair of boots (worn)
Magical Staves
 C - a staff of fire
Jewellery
 m - a ring of magical power (left hand)
 n - a +4 ring of protection (right hand)
 z - an amulet of guardian spirit
 B - a ring of willpower
Wands
 G - a wand of polymorph (9)
Scrolls
 f - a scroll of fear {unknown}
 h - 3 scrolls of blinking
 o - 2 scrolls of teleportation {unknown}
 p - a scroll of torment {unknown}
 q - 2 scrolls of vulnerability
 s - a scroll of silence {unknown}
 v - 2 scrolls of poison {unknown}
 y - a scroll of amnesia {unknown}
 A - 2 scrolls of identify
 D - a scroll of immolation {unknown}
 H - a scroll of butterflies {unknown}
Potions
 c - a potion of might
 i - 2 potions of mutation
 k - 3 potions of flight
 t - 2 potions of invisibility
 x - a potion of curing {unknown}
 F - a potion of haste {unknown}
 I - a potion of attraction {unknown}


   Skills:
 + Level 5.2 Fighting
 + Level 4.5 Short Blades
 + Level 4.5 Long Blades
 + Level 4.5 Axes
 + Level 4.5 Maces & Flails
 + Level 4.5 Polearms
 + Level 4.5 Staves
 + Level 9.7 Ranged Weapons
 + Level 4.5 Throwing
 + Level 5.2 Armour
 + Level 4.5 Dodging
 + Level 4.5 Stealth
 + Level 4.5 Shields
 + Level 4.5 Unarmed Combat
 + Level 5.3 Spellcasting
 + Level 3.7 Conjurations
 + Level 3.7 Hexes
 + Level 3.7 Summonings
 + Level 6.6 Necromancy
 + Level 3.7 Translocations
 + Level 3.7 Transmutations
 + Level 3.7 Fire Magic
 + Level 3.7 Ice Magic
 + Level 3.7 Air Magic
 + Level 3.7 Earth Magic
 + Level 3.7 Poison Magic
 + Level 4.9 Invocations
 + Level 4.5 Evocations


You had 17 spell levels left.
You knew the following spells:

 Your Spells              Type           Power      Damage    Failure   Level
a - Necrotise             Necr           76%        1d7       30%         1

Your spell library contained the following spells:

 Spells                   Type           Power      Damage    Failure   Level
 Vampiric Draining        Necr           19%        2d7       67%         3
 Call Canine Familiar     Summ           12%        N/A       97%         3
 Dazzling Flash           Conj/Hex       24%        N/A       97%         3
 Portal Projectile        Hex/Tloc       24%        N/A       97%         3
 Iskenderun's Mystic Bla  Conj/Tloc      12%        2d5       100%        4
 Leda's Liquefaction      Hex/Erth       6%         N/A       100%        4
 Starburst                Conj/Fire      6%         6d4       100%        6


Dungeon Overview and Level Annotations

Branches:
Dungeon (7/15)              Sewer (visited)
 Temple: D:4-7

Altars:
Nemelex Xobeh
Okawaru
Ru
Sif Muna
Vehumet
Wu Jian

Annotations:
D:6 1 exclusion, Menkaure
D:7 Joseph


Innate Abilities, Weirdness & Mutations

You have very sharp teeth.
Your uncanny sense of smell can sniff out nearby items.
Your experience applies equally to all skills.


Message History

Aim: a gnoll, wielding a +0 halberd (heavily wounded, covering ground quickly, 66% to hit)
You shoot a sling bullet.
The sling bullet completely misses the gnoll bouda.
The sling bullet barely misses the gnoll.
You feel very sick.
A necrophage comes into view.
The gnoll hits you but does no damage.
You are more poisoned.
Fire: a) +2 sling
Press: ? - help, Q - select action, (/) - cycle Shift-Dir - straight line, f - gnoll, p - gnoll
Aim: a gnoll, wielding a +0 club (covering ground quickly, 66% to hit)
You shoot a sling bullet.
The sling bullet hits the gnoll bouda but does no damage.
You feel very sick.
The gnoll bouda gazes fiercely through you!
You feel your attacks grow feeble.
The gnoll bouda hits you with a +0 whip.
The gnoll hits you from afar with a +0 halberd.
The gnoll hits you from afar with a +2 spear of venom!
* * * LOW HITPOINT WARNING * * *
As you read the scroll of identify, it crumbles to dust.
q - 2 scrolls of vulnerability
* * * LOW HITPOINT WARNING * * *
You feel very sick.
The gnoll bouda hits you but does no damage.
The gnoll barely misses you. The gnoll hits you but does no damage.
You are more poisoned.
Your magical contamination has completely faded away.
Blink to where?
Press: ? - help, Dir - move target, p - gnoll
As you read the scroll of blinking, it crumbles to dust.
* * * LOW HITPOINT WARNING * * *
You feel very sick.
* * * LOW HITPOINT WARNING * * *
You feel very sick.
It was a potion of degeneration.
There was something very wrong with that liquid.
You feel weakened.
You feel dopey.
You feel clumsy.
Your attacks no longer feel as feeble.
You die...

##.......#
#.8##.##8.#
#.##...##
#.#.8.8.#
#.#..<..#
#.#.8.8.# #
#.##...##.#
#.8#####8.#
##.@.....#
####g####
#ยง# #g#
#$g# ....n
........
...........
.....>.....g


You could see a gnoll bouda.

Vanquished Creatures
  Sigmund (D:6)
  3 yaks
  Edmund (D:6)
  2 water moccasins
  An ice beast (D:5)
  An ogre (D:5)
  2 bullfrogs
  3 necrophages
  4 scorpions
  4 wights (D:6)
  3 jellies
  2 hounds
  2 orc priests
  An iguana (D:6)
  An orc wizard (D:5)
  A hound skeleton (D:3)
  A howler monkey zombie (D:3)
  6 gnolls
  7 adders
  A river rat (D:6)
  2 worms
  2 dart slugs
  15 orcs
  A bat (D:1)
  17 endoplasms
  9 giant cockroaches
  6 goblins
  10 hobgoblins
  2 jackals (D:2)
  11 quokkas
  16 ball pythons
  2 ball python skeletons (D:3)
  5 frilled lizards
  4 kobolds
  A quokka skeleton (D:3)
  6 rats
156 creatures vanquished.

Vanquished Creatures (collateral kills)
  A bullfrog (Sewer)
  An adder (Sewer)
  An orc (D:4)
3 creatures vanquished.

Grand Total: 159 creatures vanquished

Notes
Turn   | Place    | Note
-------+----------+-------------------------------------------
     0 | D:1      | themarg the Gnoll Wanderer began the quest for the Orb.
     0 | D:1      | themarg set off with the following items: a +2 sling, a +0
                  | scale mail, a potion of might; and the following spell
                  | memorised: Necrotise; and the following spells available to
                  | memorise: Vampiric Draining.
     0 | D:1      | Reached XP level 1. HP: 17/17 MP: 4/4
   288 | D:1      | Reached XP level 2. HP: 23/23 MP: 5/5
   785 | D:1      | Reached XP level 3. HP: 28/28 MP: 5/7
  1081 | D:2      | Found an ornate altar of the Wu Jian Council.
  1173 | D:2      | Reached skill level 1 in Invocations
  1184 | D:2      | Reached skill level 1 in Short Blades
  1184 | D:2      | Reached skill level 1 in Long Blades
  1184 | D:2      | Reached skill level 1 in Axes
  1184 | D:2      | Reached skill level 1 in Maces & Flails
  1184 | D:2      | Reached skill level 1 in Polearms
  1184 | D:2      | Reached skill level 1 in Staves
  1184 | D:2      | Reached skill level 1 in Throwing
  1184 | D:2      | Reached skill level 1 in Dodging
  1184 | D:2      | Reached skill level 1 in Stealth
  1184 | D:2      | Reached skill level 1 in Shields
  1184 | D:2      | Reached skill level 1 in Unarmed Combat
  1184 | D:2      | Reached skill level 1 in Evocations
  1191 | D:2      | Reached XP level 4. HP: 31/34 MP: 1/8
  1346 | D:2      | You fall into a shaft and drop 1 floor!
  1631 | D:2      | Reached skill level 1 in Conjurations
  1631 | D:2      | Reached skill level 1 in Hexes
  1631 | D:2      | Reached skill level 1 in Summonings
  1631 | D:2      | Reached skill level 1 in Translocations
  1631 | D:2      | Reached skill level 1 in Transmutations
  1631 | D:2      | Reached skill level 1 in Fire Magic
  1631 | D:2      | Reached skill level 1 in Ice Magic
  1631 | D:2      | Reached skill level 1 in Air Magic
  1631 | D:2      | Reached skill level 1 in Earth Magic
  1631 | D:2      | Reached skill level 1 in Poison Magic
  1986 | D:3      | Found a faded altar of an unknown god.
  2034 | D:3      | Reached XP level 5. HP: 40/40 MP: 9/9
  2605 | D:4      | Reached XP level 6. HP: 32/47 MP: 4/11
  2942 | D:4      | Reached XP level 7. HP: 39/52 MP: 12/12
  3110 | D:4      | Found a radiant altar of Vehumet.
  3120 | D:4      | Identified the +1 chain mail of the Sky {rC+}
  3287 | D:4      | Found an iron altar of Okawaru.
  3292 | D:4      | Found a sparkling altar of Nemelex Xobeh.
  3592 | D:5      | Entered Level 5 of the Dungeon
  4284 | D:5      | Reached skill level 9 in Ranged Weapons
  4535 | D:5      | Found a shimmering blue altar of Sif Muna.
  4554 | D:5      | Reached XP level 8. HP: 46/60 MP: 14/14
  4906 | D:5      | Found a sacrificial altar of Ru.
  4977 | D:6      | Noticed Sigmund
  5002 | D:6      | Killed Sigmund
  5014 | D:6      | Noticed Edmund
  5036 | D:6      | Killed Edmund
  5168 | D:6      | Found a glowing drain.
  5230 | Sewer    | Entered a sewer
  5872 | D:6      | Noticed a yak
  5874 | D:6      | Noticed a yak
  5882 | D:6      | Noticed a yak
  5961 | D:5      | Killed a yak
  5962 | D:5      | Reached skill level 5 in Spellcasting
  5962 | D:5      | Reached XP level 9. HP: 25/67 MP: 16/16
  6253 | D:6      | Reached skill level 5 in Fighting
  6253 | D:6      | Reached skill level 5 in Armour
  7472 | D:6      | Noticed Menkaure
  7626 | D:7      | Noticed Joseph
  7867 | D:7      | HP: 1/55 [poisoned by a gnoll]
  7868 | D:7      | Succumbed to a gnoll's poison

Illustrated notes

Levels and vault maps discovered:
D:1:      matt_arrival_diagonals, layout_basic, item_on_display_b
D:2:      layout_basic, basic_altar
D:3:      layout_basic, serial_undead, serial_undead_b, serial_undead_d,
          serial_undead_a, serial_undead_c, hellmonk_ecumenical_altar_zigzags
D:4:      layout_gridville, nicolae_vehumet_radiance,
          mainiacjoe_overflow_catwalk_spiral, corexii_checkpoint_b,
          minmay_liquid_box
D:5:      layout_cave_pools, nicolae_ru_path_of_blood, led_sif_pool
D:6:      layout_loops_ring, portal_sewer_entry_a,
          chequers_serial_rivers_room_a, uniq_menkaure, uniq_edmund,
          uniq_sigmund
D:7:      layout_gridville, minmay_temple_entry_tees, minmay_shop_mayhem,
          grunt_ministairs_11, grunt_decor_mini_mirrors, uniq_pikel,
          uniq_joseph, uniq_maggie

Skill      XL: |  1  2  3  4  5  6  7  8  9 |
---------------+----------------------------+-----
Invocations    | 1 2 3 4 |  4.9
Short Blades   | 1 2 3 4 |  4.5
Long Blades    | 1 2 3 4 |  4.5
Axes           | 1 2 3 4 |  4.5
Maces & Flails | 1 2 3 4 |  4.5
Polearms       | 1 2 3 4 |  4.5
Staves         | 1 2 3 4 |  4.5
Throwing       | 1 2 3 4 |  4.5
Dodging        | 1 2 3 4 |  4.5
Stealth        | 1 2 3 4 |  4.5
Shields        | 1 2 3 4 |  4.5
Unarmed Combat | 1 2 3 4 |  4.5
Evocations     | 1 2 3 4 |  4.5
Spellcasting   | 3 4 5 |  5.3
Conjurations   | 1 2 3 |  3.7
Hexes          | 1 2 3 |  3.7
Summonings     | 1 2 3 |  3.7
Translocations | 1 2 3 |  3.7
Transmutations | 1 2 3 |  3.7
Fire Magic     | 1 2 3 |  3.7
Ice Magic      | 1 2 3 |  3.7
Air Magic      | 1 2 3 |  3.7
Earth Magic    | 1 2 3 |  3.7
Poison Magic   | 1 2 3 |  3.7
Fighting       | 3 4 5 |  5.2
Armour         | 3 4 5 |  5.2
Ranged Weapons | 9 |  9.7
Necromancy     | 6 |  6.6

Action                   |  1- 3 |  4- 6 |  7- 9 || total
-------------------------+-------+-------+-------++-------
Melee: Dagger            |       |       |   412 ||   412
       Bite              |       |       |    37 ||    37
       Punch             |       |       |    12 ||    12
 Fire: Sling             |    47 |   114 |    75 ||   236
Throw: Dart              |       |       |     6 ||     6
 Cast: Necrotise         |    31 |    37 |    61 ||   129
  Use: Scroll            |       |       |     8 ||     8
       Potion            |       |       |     3 ||     3
Armor: Scale mail        |     7 |    41 |     5 ||    53
       Chain mail        |       |       |   294 ||   294
Dodge: Dodged            |    24 |    35 |   164 ||   223
